 Dungeon Crawl Stone Soup version 0.28.0-53-g5a82cb258f (webtiles) character file.

Game seed: 16068121884009384591

51 Gabide the Skirmisher (level 3, -1/30 HPs)
             Began as a Mummy Berserker on June 20, 2022.
             Was a Follower of Trog.
             Slain by Sigmund
             ... wielding a +1 scythe of venom
              (13 damage)
             ... on level 2 of the Dungeon.
             The game lasted 00:01:43 (1227 turns).

Gabide the Skirmisher (Mummy Berserker)             Turns: 1227, Time: 00:01:43

Health: -1/30      AC:  2    Str: 22    XL:     3   Next: 57%
Magic:  3/3        EV: 12    Int:  6    God:    Trog [*.....]
Gold:   25         SH:  0    Dex: 11    Spells: 2/2 levels left

rFire   x . .      SeeInvis .     - Unarmed
rCold   + . .      Faith    .   (no shield)
rNeg    + + +      Spirit   .   a - +0 animal skin
rPois   ∞          Reflect  .   (no helmet)
rElec   .          Harm     .   (no cloak)
rCorr   .          Rampage  .   (no gloves)
Will    .....                   (no boots)
Stlth   +.........              (no amulet)
HPRegen 0.10/turn               (no ring)
MPRegen 0.08/turn               (no ring)

@: no status effects
A: cold resistance 1, negative energy resistance 3, torment resistance 2, heat
vulnerability 1, no potions
a: Renounce Religion


You were on level 2 of the Dungeon.
You worshipped Trog.
Trog was aware of your devotion.
You visited 1 branch of the dungeon, and saw 2 of its levels.

You collected 25 gold pieces.

Inventory:

Armour
 a - a +0 animal skin (worn)


   Skills:
 + Level 3.9 Fighting
 - Level 1.5 Armour
 - Level 1.5 Dodging
 + Level 3.2 Unarmed Combat


You had 2 spell levels left.
You didn't know any spells.
Your spell library was empty.

Dungeon Overview and Level Annotations

Branches:
Dungeon (2/15)

Altars:

Annotations:
D:2 Sigmund


Innate Abilities, Weirdness & Mutations

You are immune to poison.
Your flesh is cold resistant. (rC+)
You are immune to negative energy. (rN+++)
You are immune to unholy pain and torment.
You are vulnerable to heat. (rF-)
You do not drink.


Message History

The bat is moderately wounded.
The bat misses you. The bat hits you but does no damage.
You miss the bat.
The bat is moderately wounded.
The bat barely misses you.
Sigmund shouts!
You hear an angry hiss.
The bat misses you. The bat hits you but does no damage.
An adder comes into view.
You aren't carrying any scrolls.
Unknown command.
Unknown command.
The bat barely misses you.
A frilled lizard comes into view.
The bat hits you but does no damage. The bat misses you.
The bat hits you but does no damage.
Sigmund casts a spell.
Sigmund flickers and vanishes!
Deactivating autopickup; reactivate with Ctrl-A.
The bat misses you. The bat hits you but does no damage. x2
The bat barely misses you.
Unknown command.
The bat hits you. x2
The bat barely misses you. The bat hits you but does no damage.
The bat hits you. The bat hits you but does no damage.
The bat hits you but does no damage.
You are confused.
There is a stone staircase leading down here.
You bump into the rock wall.
The bat hits you. The bat barely misses you. x2
You're too confused to move!
The bat barely misses you. Something hits you. The bat misses you.
Something hits you! The bat hits you.
You bump into the rock wall.
You feel less confused. The bat hits you but does no damage.
Something hits you!
You die...

#.(...##..#
#......#..#
######.#..###..
#.#.......
#..#.# ..#
##l#.# ..##
#{#b# ...#.
#...# #..#.
##.@#### #..##
#.>...# #..#
#####.# ###..#
#.# #....#
#.#######.##.##
#!........#....
###############


You could see a bat and a frilled lizard.

Vanquished Creatures
  A bullfrog skeleton (D:2)
  A bat (D:1)
  An endoplasm (D:1)
  2 giant cockroaches (D:1)
  7 goblins (D:1)
  2 hobgoblins (D:1)
  2 kobolds (D:1)
  A quokka (D:1)
  2 rats (D:1)
19 creatures vanquished.

Notes
Turn   | Place    | Note
-------+----------+-------------------------------------------
     0 | D:1      | Gabide the Mummy Berserker began the quest for the Orb.
     0 | D:1      | Reached XP level 1. HP: 18/18 MP: 1/1
     6 | D:1      | Noticed a wolf
     6 | D:1      | Noticed a komodo dragon
     6 | D:1      | Noticed a killer bee
     7 | D:1      | Noticed a salamander
     7 | D:1      | Noticed a swamp drake
   308 | D:1      | Reached XP level 2. HP: 13/24 MP: 2/2
   922 | D:1      | Found a faded altar of an unknown god.
  1106 | D:2      | Reached XP level 3. HP: 26/30 MP: 3/3
  1195 | D:2      | Noticed Sigmund
  1227 | D:2      | Slain by Sigmund

Illustrated notes

Levels and vault maps discovered:
D:1:      onia_arrival_zoo_common, layout_loops_ring,
          hellmonk_ecumenical_altar_prayer_group
D:2:      layout_basic, uniq_sigmund, uniq_terence

Skill      XL: |  1  2 |
---------------+-------+-----
Unarmed Combat | 3 |  3.2
Fighting       | |  3.9
Armour         | |  1.5
Dodging        | |  1.5

Action                   || total
-------------------------++-------
Melee: Unarmed           ||    71
       Punch             ||     1
Armor: Animal skin       ||    16
Dodge: Dodged            ||    50
